AoeStats
← 羊了个羊

Nomad

503397635Analyzed
4v4 RM · 10d ago on Aug 31, 2026· 39m 45s· 8 players
Game mode
Random Map
Map size
231×231
Population
200
Speed
Normal
Resources
Standard
Victory
Conquest
Starting age
Dark Age
Ending age
Imperial Age
RankedLock teamsTeams togetherTeam positionsShared explorationLock speedFull tech treeHidden civsTurbo modeCheats
Victory
Defeat
🇨🇳 Spanish · China
1608
+4
🇨🇳 Persians · China
1512
+7
🇨🇳 Mapuche · China
1323
+14
🇨🇳 Mongols · China
1075
+25
🇨🇳 Franks · China
1368
-15
🇦🇷 Khmer · Argentina
1297
-12
🇹🇼 Persians · Taiwan
1250
-10
🇦🇷 Vietnamese · Argentina
1216
-9
elchinaleikazo
3:08 Loom
14:51 Feudal Age
17:56 Castle Age
16:13 Town Watch
17:35 Bloodlines
19:28 Wheelbarrow
19:13 Husbandry
George
14:40 Feudal Age
20:58 Castle Age
19:00 Double-Bit Axe
19:36 Scale Barding Armor
19:41 Forging
21:56 Husbandry
22:41 Horse Collar
24:41 Wheelbarrow
24:48 Loom
26:00 Town Watch
30:54 Gold Mining
36:02 Imperial Age
34:55 Iron Casting
34:48 Chain Barding Armor
36:03 Bow Saw
35:41 Cavalier
36:42 Bloodlines
37:32 Fletching
羊了个羊
5:01 Loom
13:40 Feudal Age
19:28 Castle Age
21:36 Double-Bit Axe
23:43 Scale Barding Armor
25:22 Bow Saw
25:18 Gold Mining
29:52 Husbandry
31:41 Forging
32:57 Chain Barding Armor
35:53 Iron Casting
36:05 Wheelbarrow
santimgonzalez
5:00 Loom
12:01 Feudal Age
12:38 Double-Bit Axe
15:49 Fletching
16:12 Horse Collar
18:10 Wheelbarrow
18:22 Town Watch
22:55 Castle Age
21:05 Gold Mining
21:45 Padded Archer Armor
22:58 Crossbowman
23:34 Bodkin Arrow
25:30 Stone Mining
29:16 Leather Archer Armor
31:47 Hand Cart
32:24 Thumb Ring
36:59 Imperial Age
35:31 Ballistics
36:51 Bow Saw
36:42 Heavy Plow
37:23 Stone Shaft Mining
37:19 Arbalester
38:00 Bracer
39:03 Chemistry
39:01 Ring Archer Armor
39:34 Two-Man Saw
39:48 Paper Money
40:36 Crop Rotation
smallfisher
14:55 Feudal Age
15:53 Double-Bit Axe
18:14 Forging
29:32 Fletching
31:03 Loom
35:51 Castle Age
36:45 Stone Mining
36:50 Gold Mining
39:09 Bow Saw
39:38 Gold Shaft Mining
39:39 Stone Shaft Mining
G2_pizza
11:40 Loom
13:51 Feudal Age
14:41 Double-Bit Axe
17:24 Castle Age
18:21 Fishing Lines
18:45 Padded Archer Armor
21:56 Bow Saw
22:12 Town Watch
26:19 Horse Collar
31:31 Leather Archer Armor
32:50 Wheelbarrow
33:04 Husbandry
33:33 Heavy Plow
33:47 Gold Mining
34:35 Bloodlines
35:45 Hand Cart
41:25 Imperial Age
39:33 Stone Mining
日暮途远
12:04 Loom
14:20 Feudal Age
14:48 Double-Bit Axe
18:10 Castle Age
16:12 Fishing Lines
16:54 Gold Mining
16:54 Horse Collar
18:26 Forging
19:03 Bow Saw
19:25 Medium Warships
22:33 Wheelbarrow
27:49 Hand Cart
28:20 Gillnets
30:38 Gold Shaft Mining
33:17 Imperial Age
31:03 Stone Mining
32:03 Scale Barding Armor
32:35 Iron Casting
32:56 Cavalier
33:37 Husbandry
33:47 Bloodlines
34:00 Chain Barding Armor
34:59 Two-Man Saw
34:17 Savar
35:46 Heavy Warships
35:58 Plate Barding Armor
35:20 Town Watch
36:29 Horse Collar
37:12 Heavy Plow
39:36 Blast Furnace
38:54 Guilds
39:20 Crop Rotation
pxh42
4:41 Loom
15:18 Feudal Age
16:41 Double-Bit Axe
19:30 Castle Age
17:44 Horse Collar
17:55 Gold Mining
17:50 Fishing Lines
18:41 Forging
21:38 Bow Saw
29:24 Wheelbarrow
31:01 Gold Shaft Mining
30:45 Hand Cart
30:34 Heavy Plow
31:02 Gillnets
32:00 Town Watch
35:07 Imperial Age
33:33 Iron Casting
33:12 Stone Mining
33:22 Fletching
34:17 Treadmill Crane
34:45 Bodkin Arrow
35:54 Butalmapu
35:11 Elite Kona
37:09 Blast Furnace
37:22 Chemistry
37:02 Stone Shaft Mining
36:59 Conscription
37:52 Masonry
38:20 Padded Archer Armor
39:56 Architecture
39:48 Leather Archer Armor
Connection lost

Rejoining the realm…

Still unreachable

The connection could not be restored.

Session expired

The server has moved on; the page needs a fresh start.